 Dungeon Crawl Stone Soup version 0.25.1-2-g60ff931df9 (webtiles) character file.

Game seed: 11969672503764959299

415 gruber the Charmwright (level 6, 0/51 HPs)
             Began as a Gnoll Skald on Oct 8, 2020.
             Killed by divine providence
             ... invoked by an orc priest
              (12 damage)
             ... on level 5 of the Dungeon.
             The game lasted 00:04:18 (3810 turns).

gruber the Charmwright (Gnoll Skald)                Turns: 3810, Time: 00:04:18

Health: 0/51       AC:  6    Str:  9    XL:     6   Next: 92%
Magic:  12/14      EV: 14    Int: 17    God:
Gold:   165        SH:  0    Dex: 14    Spells: 7/15 levels left

rFire    . . .     SeeInvis .   t - +7 glaive of Geilluca {flame, rElec rPois Str-5}
rCold    . . .     Gourm    .   (shield currently unavailable)
rNeg     . . .     Faith    .   b - +0 leather armour
rPois    +         Spirit   .   r - +2 hat {MR+}
rElec    +         Reflect  .   (no cloak)
rCorr    +         Harm     .   (no gloves)
MR       +....                  h - +0 pair of boots
Stlth    ++........             (no amulet)
HPRegen  0.17/turn              o - ring of resist corrosion
MPRegen  0.14/turn              (no ring)

@: singing
A: distributed training, fangs 1, strong nose
a: no special abilities


You were on level 5 of the Dungeon.
You were not hungry.

You visited 1 branch of the dungeon, and saw 5 of its levels.

You collected 165 gold pieces.

Inventory:

Hand Weapons
 a - a +0 spear
 m - a +2 dagger of pain
 t - the +7 glaive of Geilluca (weapon) {flame, rElec rPois Str-5}
   (You found it on level 4 of the Dungeon)

   It has been specially enchanted to burn those struck by it, causing extra
   injury to most foes and up to half again as much damage against particularly
   susceptible opponents.
   Big, fiery blades are also staple armaments of hydra-hunters.
   It affects your strength (-5).
   It insulates you from electricity.
   It protects you from poison.
Armour
 b - a +0 leather armour (worn)
 h - a +0 pair of boots (worn)
 r - a +2 hat of magic resistance (worn)
Jewellery
 o - a ring of resist corrosion (left hand)
Wands
 u - a wand of clouds (7)
Scrolls
 e - 2 scrolls of enchant weapon {unknown}
 f - 3 scrolls of teleportation {unknown}
 g - 6 scrolls of identify {unknown}
 k - a scroll of noise {unknown}
 l - 2 scrolls of fog {unknown}
 p - 2 scrolls of remove curse {unknown}
 q - 3 scrolls of amnesia {unknown}
 v - a scroll of enchant armour {unknown}
Potions
 i - 2 potions of might {unknown}
 j - a potion of haste {unknown}
 n - a potion of brilliance {unknown}
 s - a potion of degeneration {unknown}
Comestibles
 c - 2 chunks of flesh
 d - 7 rations


   Skills:
 + Level 5.0 Fighting
 + Level 2.1 Short Blades
 + Level 2.1 Long Blades
 + Level 2.1 Axes
 + Level 2.1 Maces & Flails
 + Level 5.0 Polearms
 + Level 2.1 Staves
 + Level 2.1 Slings
 + Level 2.1 Bows
 + Level 2.1 Crossbows
 + Level 2.1 Throwing
 + Level 3.3 Armour
 + Level 5.0 Dodging
 + Level 2.1 Stealth
 + Level 2.1 Shields
 + Level 2.1 Unarmed Combat
 + Level 5.4 Spellcasting
 + Level 1.7 Conjurations
 + Level 1.7 Hexes
 + Level 5.7 Charms
 + Level 1.7 Summonings
 + Level 1.7 Necromancy
 + Level 1.7 Translocations
 + Level 1.7 Transmutations
 + Level 1.7 Fire Magic
 + Level 1.7 Ice Magic
 + Level 1.7 Air Magic
 + Level 1.7 Earth Magic
 + Level 1.7 Poison Magic
 + Level 2.3 Invocations
 + Level 2.1 Evocations


You had 7 spell levels left.
You knew the following spells:

 Your Spells              Type           Power        Failure   Level  Hunger
a - Infusion              Chrm           ###.         1%          1    None
b - Song of Slaying       Chrm           ###.....     2%          2    #......
c - Shroud of Golubria    Chrm/Tloc      ###...       6%          2    #......
d - Spectral Weapon       Hex/Chrm       ###.....     12%         3    ##.....

Your spell library contained the following spells:

 Spells                   Type           Power        Failure   Level  Hunger
 Ozocubu's Armour         Chrm/Ice       ###.....     12%         3    ##.....


Dungeon Overview and Level Annotations

Branches:
Dungeon (5/15)             Temple (0/1) D:4

Altars:
Ashenzari
Dithmenos
Fedhas
Kikubaaqudgha
Uskayaw
Yredelemnul


Innate Abilities, Weirdness & Mutations

Your experience applies equally to all skills.
You have very sharp teeth.
Your uncanny sense of smell can sniff out nearby items.


Message History

Unknown command.
Attack whom?
Press: ? - help, Dir - move target cursor, f - orc
Aim: an orc, wielding a +0 club and wearing a +0 leather armour You reach to attack!
You hit the orc. You burn the orc.
The orc is heavily wounded.
The centaur shoots an arrow.
The arrow hits you.
The orc priest looks encouraged for a moment.
The centaur shoots an arrow.
The arrow hits you!
You closely miss the orc.
The orc is heavily wounded.
The centaur shoots an arrow.
The arrow hits you.
The orc priest invokes the aid of Beogh against you.
Beogh smites you!
* * * LOW HITPOINT WARNING * * *
The centaur shoots an arrow.
The arrow hits you.
* * * LOW HITPOINT WARNING * * *
The orc priest calls down the wrath of Beogh upon you.
Beogh smites you!
You die...

# ### .
.o. ##.
##o# .
..##..#
..##.....
........#
#..#..o.#
#....o@#
...#?...#
.........
......#.##
......#..
......#.#
.c... ...
..... .#(


You could see a centaur, an orc priest and 3 orcs.

Vanquished Creatures
  A scorpion (D:4)
  A bullfrog skeleton (D:4)
  2 orc priests (D:4)
  2 orc wizards (D:3)
  A worker ant (D:4)
  Robin (D:2)
  6 adders
  An adder skeleton (D:4)
  2 worms (D:4)
  5 dart slugs
  A leopard gecko (D:4)
  21 orcs
  4 giant cockroaches
  11 goblins (D:2)
  4 hobgoblins
  10 jackals
  A quokka (D:4)
  A ball python (D:1)
  6 bats
  2 frilled lizards
  7 kobolds
  9 rats
99 creatures vanquished.

Notes
Turn   | Place    | Note
-------+----------+-------------------------------------------
     0 | D:1      | gruber the Gnoll Skald began the quest for the Orb.
     0 | D:1      | Reached XP level 1. HP: 20/20 MP: 6/6
   144 | D:1      | Reached XP level 2. HP: 26/26 MP: 3/7
   202 | D:1      | Learned a level 2 spell: Song of Slaying
   205 | D:1      | Learned a level 2 spell: Shroud of Golubria
   666 | D:1      | Reached XP level 3. HP: 31/31 MP: 9/9
  1043 | D:2      | Reached skill level 5 in Spellcasting
  1092 | D:2      | Noticed Robin
  1098 | D:2      | Killed Robin
  1098 | D:2      | Reached skill level 1 in Invocations
  1109 | D:2      | Reached skill level 1 in Short Blades
  1109 | D:2      | Reached skill level 1 in Long Blades
  1109 | D:2      | Reached skill level 1 in Axes
  1109 | D:2      | Reached skill level 1 in Maces & Flails
  1109 | D:2      | Reached skill level 1 in Staves
  1109 | D:2      | Reached skill level 1 in Slings
  1109 | D:2      | Reached skill level 1 in Bows
  1109 | D:2      | Reached skill level 1 in Crossbows
  1109 | D:2      | Reached skill level 1 in Throwing
  1109 | D:2      | Reached skill level 1 in Stealth
  1109 | D:2      | Reached skill level 1 in Shields
  1109 | D:2      | Reached skill level 1 in Unarmed Combat
  1109 | D:2      | Reached skill level 1 in Evocations
  1113 | D:2      | Reached XP level 4. HP: 24/38 MP: 0/11
  1331 | D:2      | Learned a level 3 spell: Spectral Weapon
  1880 | D:3      | Reached skill level 1 in Conjurations
  1880 | D:3      | Reached skill level 1 in Hexes
  1880 | D:3      | Reached skill level 1 in Summonings
  1880 | D:3      | Reached skill level 1 in Necromancy
  1880 | D:3      | Reached skill level 1 in Translocations
  1880 | D:3      | Reached skill level 1 in Transmutations
  1880 | D:3      | Reached skill level 1 in Fire Magic
  1880 | D:3      | Reached skill level 1 in Ice Magic
  1880 | D:3      | Reached skill level 1 in Air Magic
  1880 | D:3      | Reached skill level 1 in Earth Magic
  1880 | D:3      | Reached skill level 1 in Poison Magic
  1919 | D:3      | Reached XP level 5. HP: 26/43 MP: 10/12
  2228 | D:3      | Found a shadowy altar of Dithmenos.
  2228 | D:3      | Found an ancient bone altar of Kikubaaqudgha.
  2229 | D:3      | Found a blossoming altar of Fedhas.
  2305 | D:3      | Found a hide-covered altar of Uskayaw.
  2306 | D:3      | Found a basalt altar of Yredelemnul.
  2306 | D:3      | Found a shattered altar of Ashenzari.
  2930 | D:4      | Reached XP level 6. HP: 44/50 MP: 9/13
  3035 | D:4      | Found a staircase to the Ecumenical Temple.
  3225 | D:4      | Reached skill level 5 in Fighting
  3225 | D:4      | Reached skill level 5 in Polearms
  3225 | D:4      | Reached skill level 5 in Dodging
  3534 | D:4      | Got an encrusted glaive
  3535 | D:4      | Identified the +7 glaive of Geilluca {flame, rElec rPois
                  | Str-5} (You found it on level 4 of the Dungeon)
  3806 | D:5      | Entered Level 5 of the Dungeon
  3810 | D:5      | Killed from afar by an orc priest

Illustrated notes

Levels and vault maps discovered:
D:1:      dpeg_arrival_houses_and_road, layout_basic
D:2:      layout_rooms, first_ration, uniq_robin
D:3:      layout_loops_cross, chequers_temple_overflow_statue_of_worship,
          gammafunk_temple_overflow_claw
D:4:      layout_cave_pools, minmay_temple_entry_junction_2
D:5:      layout_basic

Skill      XL: |  1  2  3  4  5  6 |
---------------+-------------------+-----
Spellcasting   | 5 |  5.4
Invocations    | 1 2 |  2.3
Short Blades   | 1 2 |  2.1
Long Blades    | 1 2 |  2.1
Axes           | 1 2 |  2.1
Maces & Flails | 1 2 |  2.1
Staves         | 1 2 |  2.1
Slings         | 1 2 |  2.1
Bows           | 1 2 |  2.1
Crossbows      | 1 2 |  2.1
Throwing       | 1 2 |  2.1
Stealth        | 1 2 |  2.1
Shields        | 1 2 |  2.1
Unarmed Combat | 1 2 |  2.1
Evocations     | 1 2 |  2.1
Conjurations   | 1 |  1.7
Hexes          | 1 |  1.7
Summonings     | 1 |  1.7
Necromancy     | 1 |  1.7
Translocations | 1 |  1.7
Transmutations | 1 |  1.7
Fire Magic     | 1 |  1.7
Ice Magic      | 1 |  1.7
Air Magic      | 1 |  1.7
Earth Magic    | 1 |  1.7
Poison Magic   | 1 |  1.7
Armour         | 3 |  3.3
Fighting       | 5 |  5.0
Polearms       | 5 |  5.0
Dodging        | 5 |  5.0
Charms         | |  5.7

Action                   |  1- 3 |  4- 6 || total
-------------------------+-------+-------++-------
Melee: Spear             |    38 |   107 ||   145
       Bite              |     3 |    28 ||    31
       Dagger            |    46 |    81 ||   127
       Glaive            |       |    12 ||    12
 Cast: Infusion          |     5 |       ||     5
       Song of Slaying   |     1 |     6 ||     7
       Shroud of Golubri |     1 |       ||     1
       Spectral Weapon   |       |    16 ||    16
 Stab: Sleeping          |       |     1 ||     1
       Distracted        |       |     2 ||     2
  Eat: Chunk             |       |     7 ||     7
       Ration            |       |     1 ||     1
Armor: Leather armour    |    12 |    41 ||    53
Dodge: Dodged            |    42 |   139 ||   181
